AoeStats
← 荀多多

Arabia

510805398Analyzed
1v1 RM · 15h ago on Oct 2, 2026· 44m 28s· 2 players
Game mode
Random Map
Map size
Tiny (2 player)
Population
200
Speed
Normal
Resources
Standard
Victory
Conquest
Starting age
Dark Age
Ending age
Imperial Age
RankedLock teamsTeams togetherTeam positionsShared explorationLock speedFull tech treeHidden civsTurbo modeCheats
Victory
Defeat
🇨🇳 Mongols · China
850
+38
🇨🇱 Varangians · Chile
823
-15
Alox
4:35 Loom
12:14 Feudal Age
12:49 Double-Bit Axe
13:37 Horse Collar
16:47 Bloodlines
17:31 Wheelbarrow
19:23 Forging
23:11 Castle Age
23:02 Scale Mail Armor
25:03 Iron Casting
25:02 Squires
26:42 Pikeman
28:12 Hand Cart
28:52 Heavy Plow
28:44 Gambesons
31:11 Town Watch
39:13 Imperial Age
37:22 Scale Barding Armor
37:36 Chain Mail Armor
36:53 Elite Skirmisher
38:20 Vendel Legacy
39:24 Fletching
39:41 Cavalier
荀多多
3:51 Loom
10:33 Feudal Age
11:05 Double-Bit Axe
17:48 Castle Age
18:09 Horse Collar
19:19 Gold Mining
25:38 Bloodlines
27:54 Wheelbarrow
28:05 Forging
28:41 Heavy Plow
33:14 Imperial Age
31:55 Iron Casting
31:48 Ballistics
31:36 Fletching
32:23 Padded Archer Armor
33:13 Bodkin Arrow
33:37 Bow Saw
34:32 Gold Shaft Mining
34:11 Husbandry
34:20 Town Watch
34:48 Bracer
36:52 Conscription
36:13 Light Cavalry
38:34 Blast Furnace
37:40 Scale Barding Armor
38:27 Hussar
43:03 Chemistry
Connection lost

Rejoining the realm…

Still unreachable

The connection could not be restored.

Session expired

The server has moved on; the page needs a fresh start.